 Dungeon Sprint DCSS version 0.31.0-12-g77e489cdc1 (webtiles) character file.

Game seed: 1371251677893812333

887 Heoruswealwe the Cleaver (level 8, 0/81 HPs)
             Began as a Hill Orc Fighter on Feb 14, 2024.
             Was an Initiate of Gozag.
             Slain by an orc warrior
             ... wielding a +0 battleaxe
              (12 damage)
             ... in the Dungeon (Sprint IX: "|||||||||||||||||||||||||||||").
             The game lasted 00:04:03 (229 turns).

Heoruswealwe the Cleaver (Hill Orc Fighter)          Turns: 229, Time: 00:04:04

Health: 0/81       AC: 12    Str: 24    XL:     8   Next: 5%
Magic:  8/8        EV: 10    Int:  8    God:    Gozag
Gold:   0          SH:  6    Dex: 10    Spells: 7/7 levels left

rFire   . . .        a - +1 broad axe (heavy)
rCold   . . .        d - +0 buckler
rNeg    . . .        c - +2 ring mail
rPois   .            g - +0 helmet
rElec   .            h - +0 cloak
rCorr   .            (no gloves)
SInv    .            (no boots)
Will    .....        (no amulet) Stlth
                     k - +3 ring of strength
HPRegen 0.33/turn    (no ring)
MPRegen 0.11/turn

%: no teleportation
@: gold aura
A: no striking features
a: Renounce Religion, Potion Petition, Call Merchant, Bribe Branch


You were in the Dungeon.
You worshipped Gozag.
Gozag was noncommittal.
You visited 1 branch

Inventory:

Hand Weapons
 a - a +1 heavy broad axe (weapon)
Armour
 c - a +2 ring mail (worn)
 d - a +0 buckler (worn)
 g - a +0 helmet (worn)
 h - a +0 cloak (worn)
Jewellery
 k - a +3 ring of strength (left hand)
Wands
 l - a wand of acid (10)
Scrolls
 j - 2 scrolls of blinking
Potions
 b - a potion of might
 e - a potion of invisibility
 f - a potion of heal wounds
 i - a potion of berserk rage
 m - a potion of haste
 n - 4 potions of magic
 o - 2 potions of curing


   Skills:
 + Level 10.9 Fighting
 + Level 11.5 Axes
 + Level 10.0 Armour
 + Level 10.0 Shields


You had 7 spell levels left.
You didn't know any spells.
Your spell library was empty.

Dungeon Overview and Level Annotations

Branches:
Dungeon (1/1)

Altars:
Cheibriados
Dithmenos
Elyvilon
Fedhas
Gozag
Hepliaklqana
Kikubaaqudgha
Makhleb
Nemelex Xobeh
Okawaru
Qazlal
Ru
Sif Muna
Trog
Uskayaw
Vehumet
Wu Jian
Xom
Yredelemnul
Zin
The Shining One
Beogh
Jiyva
Lugonu


Message History

Something hits you but does no damage.
Deactivating autopickup; reactivate with Ctrl-A.
Something hits you but does no damage.
Your Fighting skill increases to level 10!
Something hits you but does no damage.
The orc warrior is distracted by your dazzling golden aura.
You block something's attack.
The orc warrior shouts!
You slash something! Something hits you but does no damage.
You block something's attack. Something hits you.
You hit something but do no damage. Something hits you but does no damage.
Something hits you. Something hits you but does no damage. Something hits you!
The orc warrior is no longer distracted by gold.
Something hits you.
You slash something! Something hits you but does no damage. Something hits you.
* * * LOW HITPOINT WARNING * * *
You slice something!! Something hits you but does no damage.
Something hits you.
* * * LOW HITPOINT WARNING * * *
Something hits you.
* * * LOW HITPOINT WARNING * * *
You closely miss something. Something hits you.
* * * LOW HITPOINT WARNING * * *
Something hits you.
* * * LOW HITPOINT WARNING * * *
You feel much better. Something hits you. Something hits you!
* * * LOW HITPOINT WARNING * * *
You slice something!!
Reactivating autopickup.
You feel a bit more experienced.
The orc warrior hits you with a +0 battleaxe!
* * * LOW HITPOINT WARNING * * *
Your Axes skill increases to level 11!
Your Armour skill increases to level 10!
Your Shields skill increases to level 10!
You have reached level 8!
You barely miss the orc warrior.
The orc warrior hits you with a +0 battleaxe!
You die...
Your body crumbles into a pile of gold.

▓?▓
▓[▓
▓)▓
▓)▓
▓=▓
▓.▓
▓.▓
▓.▓
▓@▓
▓o▓
▓.▓
▓.▓
▓.▓
▓.▓
▓.▓
▓.▓


You could see an orc warrior.

Vanquished Creatures
  An unseen horror (D)
  A troll (D)
  A wyvern (D)
  An acid dragon (D)
  A jelly (D)
  2 iguanas (D)
  2 orc wizards (D)
  A white imp (D)
  A ball python (D)
  A giant cockroach (D)
  A jackal (D)
  A bat (D)
  A rat (D)
15 creatures vanquished.

Notes
Turn   | Place    | Note
-------+----------+-------------------------------------------
     0 | D        | Heoruswealwe the Hill Orc Fighter began the quest for the
                  | Orb.
     0 | D        | Reached XP level 1. HP: 19/19 MP: 1/1
     5 | D        | Reached skill level 3 in Axes
    34 | D        | Noticed an iguana
    34 | D        | Noticed a jelly
    34 | D        | Noticed an orc wizard
    34 | D        | Noticed an iguana
    41 | D        | Killed an iguana
    42 | D        | Reached skill level 5 in Fighting
    42 | D        | Reached skill level 4 in Axes
    42 | D        | Reached XP level 2. HP: 25/29 MP: 2/2
    42 | D        | Reached XP level 3. HP: 31/36 MP: 3/3
    46 | D        | Reached skill level 5 in Axes
    46 | D        | Reached skill level 5 in Armour
    46 | D        | Reached skill level 5 in Shields
    46 | D        | Reached XP level 4. HP: 29/44 MP: 4/4
    78 | D        | Reached skill level 6 in Axes
    84 | D        | Reached XP level 5. HP: 25/51 MP: 5/5
    93 | D        | Found a roughly hewn altar of Beogh.
    93 | D        | Found a snail-covered altar of Cheibriados.
    93 | D        | Found a shadowy altar of Dithmenos.
    93 | D        | Found a white marble altar of Elyvilon.
    93 | D        | Found a blossoming altar of Fedhas.
    93 | D        | Found an opulent altar of Gozag.
    94 | D        | Found a hazy altar of Hepliaklqana.
    95 | D        | Found a viscous altar of Jiyva.
    96 | D        | Found an ancient bone altar of Kikubaaqudgha.
    97 | D        | Found a corrupted altar of Lugonu.
    98 | D        | Found a burning altar of Makhleb.
    99 | D        | Found a sparkling altar of Nemelex Xobeh.
   100 | D        | Found an iron altar of Okawaru.
   101 | D        | Became a worshipper of Gozag Ym Sagoz the Greedy
   102 | D        | Found a stormy altar of Qazlal.
   103 | D        | Found a sacrificial altar of Ru.
   104 | D        | Found a shimmering blue altar of Sif Muna.
   105 | D        | Found a bloodstained altar of Trog.
   106 | D        | Found a hide-covered altar of Uskayaw.
   107 | D        | Found a radiant altar of Vehumet.
   108 | D        | Found an ornate altar of the Wu Jian Council.
   109 | D        | Found a shimmering altar of Xom.
   110 | D        | Found a basalt altar of Yredelemnul.
   111 | D        | Found a glowing silver altar of Zin.
   112 | D        | Found a glowing golden altar of the Shining One.
   186 | D        | Noticed an acid dragon
   186 | D        | Noticed a troll
   186 | D        | Noticed a wyvern
   186 | D        | Noticed an orc warrior
   188 | D        | Killed an acid dragon
   189 | D        | Reached skill level 8 in Axes
   189 | D        | Reached XP level 6. HP: 51/61 MP: 6/6
   195 | D        | Killed a troll
   196 | D        | Reached skill level 9 in Axes
   196 | D        | Reached XP level 7. HP: 44/70 MP: 7/7
   210 | D        | Killed a wyvern
   211 | D        | Reached skill level 10 in Axes
   219 | D        | Reached skill level 10 in Fighting
   228 | D        | Killed an unseen horror
   229 | D        | Reached skill level 11 in Axes
   229 | D        | Reached skill level 10 in Armour
   229 | D        | Reached skill level 10 in Shields
   229 | D        | Reached XP level 8. HP: 11/81 MP: 8/8
   229 | D        | Slain by an orc warrior

Illustrated notes

Levels and vault maps discovered:
D:        linesprint [early_d, line_temple, items_1, d_10, items_2, lair_1,
          lair_end, items_3, orc_1, orc_end, items_4, d_15, swamp_1, shoals_1,
          snake_1, spider_1, d_20, vaults_1, items_5, swamp_end, shoals_end,
          snake_end, spider_end, vaults_end, d_27, items_6, zot_1, zot_end,
          crypt_end, forest_end, elf_end, slime_end, tomb_end, abyss_end,
          pan_hell_end]

Skill      XL: |  1  2  3  4  5  6  7 |
---------------+----------------------+-----
Axes           | 4 5 6 8 9 11 | 11.5
Fighting       | 5 6 8 9 10 | 10.9
Armour         | 4 5 6 7 8 10 | 10.0
Shields        | 4 5 6 7 8 10 | 10.0

Action                     |  1- 3 |  4- 6 |  7- 9 || total
---------------------------+-------+-------+-------++-------
  Melee: War axe           |    26 |    36 |       ||    62
         Broad axe         |       |     5 |    26 ||    31
    Use: Potion            |     1 |     1 |     3 ||     5
 Armour: Scale mail        |    21 |    28 |       ||    49
         Ring mail         |       |    14 |    38 ||    52
  Dodge: Dodged            |    15 |    11 |     9 ||    35
  Block: Buckler           |     5 |     6 |     7 ||    18
